 Dungeon Crawl Stone Soup version 0.16.2-2-g470672f (webtiles) character file.

83 FruitAndGarbage the Magician (level 4, -2/24 HPs)
             Began as a Deep Elf Air Elementalist on Aug 25, 2015.
             Killed from afar by EonDragon20's ghost (12 damage)
             ... with a flame tongue
             ... on level 3 of the Dungeon.
             The game lasted 00:06:45 (2021 turns).

FruitAndGarbage the Magician (DEAE)                 Turns: 2021, Time: 00:06:45

Health: -2/24      AC:  3    Str:  5    XL:     4   Next: 22%
Magic:  5/14       EV: 13    Int: 21    God:
Gold:   88         SH:  0    Dex: 15    Spells: 4 memorised, 2 levels left

rFire  . . .     SeeInvis .     k - +0 dagger
rCold  . . .     Clarity  .     a - +0 robe
rNeg   . . .     SustAb   .     (no shield)
rPois  .         Gourm    .     (no helmet)
rElec  .         Spirit   .     (no cloak)
rCorr  +         Warding  .     (no gloves)
rMut   .         Stasis   .     e - +0 pair of boots
MR     .....                    n - amulet of resist corrosion
Stlth  ++........               (no ring)
                                (no ring)

@: repel missiles, not resistant to hostile enchantments, unstealthy
A: no striking features
a: no special abilities


You were on level 3 of the Dungeon.
You were hungry.

You visited 1 branch of the dungeon, and saw 3 of its levels.

You collected 88 gold pieces.

Inventory:

Hand weapons
 k - a +0 dagger (weapon)
Armour
 a - a +0 robe (worn)
 e - a +0 pair of boots (worn)
Jewellery
 n - an amulet of resist corrosion (around neck)
Scrolls
 d - 3 scrolls of fog {unknown}
 f - a scroll of amnesia {unknown}
 g - a scroll of immolation {unknown}
 i - a scroll of remove curse {unknown}
 j - 2 scrolls of teleportation {unknown}
 l - a scroll of noise {unknown}
 m - a scroll of identify {unknown}
 o - a scroll of enchant armour {unknown}
 p - a scroll of enchant weapon {unknown}
 r - a scroll of magic mapping {unknown}
Books
 b - a book of Air

   Spells                             Type                      Level
   a - Shock                          Conjuration/Air              1
   b - Swiftness                      Charms/Air                   2
   c - Repel Missiles                 Charms/Air                   2
   d - Flight                         Charms/Air                   3
   e - Static Discharge               Conjuration/Air              3
   f - Lightning Bolt                 Conjuration/Air              5
Comestibles
 c - a bread ration
 h - 3 meat rations
 q - 3 fruits
 s - 2 chunks of flesh


   Skills:
 * Level 0.8 Fighting
 * Level 0.8 Armour
 * Level 2.8 Dodging
 + Level 2.5 Stealth
 + Level 3.8 Spellcasting
 + Level 2.1 Conjurations
 * Level 1.3 Charms
 + Level 3.4 Air Magic


You had 2 spell levels left.
You knew the following spells:

 Your Spells              Type           Power        Failure   Level  Hunger
a - Shock                 Conj/Air       ###.         4%          1    None
b - Repel Missiles        Chrm/Air       ##....       10%         2    #......
c - Swiftness             Chrm/Air       ##......     10%         2    #......
d - Static Discharge      Conj/Air       ###.....     14%         3    ###....


Dungeon Overview and Level Annotations

Branches:
Dungeon (3/15)

Altars:
Ashenzari
Zin

Annotations:
D:3 EonDragon20's ghost, average TeFE


Message History

That item cannot be evoked!
Unknown command.
Unknown command.
Unknown command.
Unknown command.
Press: ? - help, v - describe, . - travel
Here: EonDragon20's ghost, wielding a weapon of venom (lightly damaged)
The floor.
EonDragon20's ghost gestures at you while chanting.
The flame tongue hits you!
EonDragon20's ghost whispers, "The ORB doesn't exist."
EonDragon20's ghost casts a spell at you.
The flame tongue misses you.
Your magical contamination has completely faded away.
EonDragon20's ghost whispers, "They're coming for you..."
There is a stone staircase leading down here.
EonDragon20's ghost casts a spell at you.
The flame tongue hits you!
Ouch! That really hurt!
You die...

# .. .# .# (# . . . #
##.####. #.# #.
.##.####......# #.. #. .
#..@.W..# #.##
#.#.#######.## ...
#.#.........# #.#
#..#######..##########.#
#.###.#######.............##
#...?..........##[..........
#####.#####.......#######.##
#.# #.####### #(# #.# ##.##
#.##


You could see EonDragon20's ghost.

Vanquished Creatures
  5 adders
  A giant gecko (D:3)
  2 ball pythons
  5 bats
  6 hobgoblins
  3 giant newts
  9 goblins
  6 kobolds
  3 rats
40 creatures vanquished.

Notes
Turn   | Place    | Note
--------------------------------------------------------------
     0 | D:1      | FruitAndGarbage, the Deep Elf Air Elementalist, began the quest for the Orb.
     0 | D:1      | Reached XP level 1. HP: 10/10 MP: 5/5
   457 | D:1      | Reached XP level 2. HP: 15/15 MP: 4/8
   461 | D:1      | Learned a level 2 spell: Repel Missiles
   464 | D:1      | Learned a level 2 spell: Swiftness
  1025 | D:1      | Reached XP level 3. HP: 19/19 MP: 5/11
  1030 | D:1      | Learned a level 3 spell: Static Discharge
  1397 | D:2      | Reached skill level 1 in Charms
  1707 | D:2      | Reached XP level 4. HP: 24/24 MP: 12/14
  1712 | D:2      | Found a shattered altar of Ashenzari.
  1715 | D:2      | Found a glowing silver altar of Zin.
  1948 | D:3      | Noticed EonDragon20's ghost (average TeFE)
  2021 | D:3      | Killed from afar by EonDragon20's ghost

Action                   |  1- 3 |  4- 6 || total
-------------------------+-------+-------++-------
Melee: Dagger            |     5 |     3 ||     8
 Cast: Shock             |    79 |    23 ||   102
       Repel Missiles    |     1 |       ||     1
       Static Discharge  |       |     2 ||     2
  Use: Potion            |     2 |       ||     2
  Eat: Chunk             |     2 |     1 ||     3
